AoeStats
← ITZ | AutocavS

Arabia

510401676Analyzed
1v1 RM · 3d ago on Sep 30, 2026· 50m 9s· 2 players
Game mode
Random Map
Map size
Tiny (2 player)
Population
200
Speed
Normal
Resources
Standard
Victory
Conquest
Starting age
Dark Age
Ending age
Imperial Age
RankedLock teamsTeams togetherTeam positionsShared explorationLock speedFull tech treeHidden civsTurbo modeCheats
Victory
Defeat
🇦🇷 Varangians · Argentina
1500
+15
🇦🇷 Magyars · Argentina
1478
-15
ITZ | AutocavS
5:48 Loom
8:58 Feudal Age
9:45 Double-Bit Axe
23:15 Gold Mining
25:32 Castle Age
23:34 Horse Collar
24:46 Scale Barding Armor
24:53 Bloodlines
26:38 Chain Barding Armor
33:21 Husbandry
36:33 Wheelbarrow
37:52 Heavy Plow
40:11 Elite Skirmisher
40:22 Elite Skirmisher
42:24 Fletching
45:14 Imperial Age
43:03 Bow Saw
43:06 Padded Archer Armor
44:09 Bodkin Arrow
46:06 Gold Shaft Mining
47:21 Light Cavalry
49:17 Cavalier
HeroSan
6:11 Loom
9:13 Feudal Age
9:18 Man-at-Arms
9:45 Double-Bit Axe
14:13 Town Watch
16:23 Fletching
21:29 Castle Age
19:50 Horse Collar
20:31 Padded Archer Armor
21:58 Gold Mining
21:36 Crossbowman
22:28 Bodkin Arrow
25:49 Ballistics
29:12 Bow Saw
32:35 Wheelbarrow
38:32 Imperial Age
37:30 Scale Barding Armor
37:51 Bloodlines
37:41 Husbandry
38:50 Forging
39:27 Bracer
41:25 Chemistry
41:02 Forging
42:26 Cavalier
43:44 Heavy Plow
44:46 Conscription
45:12 Chain Barding Armor
48:25 Plate Barding Armor
47:37 Long Swordsman
49:34 Hand Cart
51:13 Iron Casting
51:23 Iron Casting
Connection lost

Rejoining the realm…

Still unreachable

The connection could not be restored.

Session expired

The server has moved on; the page needs a fresh start.